Unix NetHack Version 5.0.0-0 post-release - last build May 23 2026 06:08:33 (1c0ff79ee797540d5714e4e18072db0edd9e58ae,branch:main).

Game began 2026-05-25 22:43:07, ended 2026-05-25 23:21:49.

Jobair, neutral female human Tourist

        -------
        |.....|
        |.....|
        |......    ---------
        |....<|    +@....C.|
        |.....|    |.......|
        -.-.---   #|...#...|
         # #     ##-f......|
           #      #|..^....+
          ##    ###---------
      ----.-#####
      |{...|#
      |.....#
      |....|
      ------

Jobair the Excursionist     St:14 Dx:13 Co:15 In:11 Wi:10 Ch:16  Neutral
Dlvl:7  $:11 HP:0(32) Pw:30(30) AC:1  Xp:6 T:3760 

Latest messages:
 You hit the imp.
 The imp hits!
 You miss the imp.
 You hit the imp!
 The imp misses!
 You miss the imp.
 The rabid rat misses!
 The imp hits!
 You hit the imp.
 You miss the imp.
 The rabid rat bites!
 The imp misses!
 "Go ahead, fetch thy mama!  I shall wait."
 You miss the imp.
 You hit the imp.
 The rabid rat bites!
 The imp hits!
 Godzilla II misses the plains centaur.
 Godzilla II misses the plains centaur.
 You miss the imp.
 The rabid rat bites!
 The imp hits!
 Godzilla II misses the imp.
 What do you want to use or apply?
 In what direction? 2
 The imp is blinded by the flash!
 The imp turns to flee.
 The rabid rat strikes at your displaced image and misses you!
 Godzilla II bites the plains centaur.
 You hit the rabid rat.
 Godzilla II misses the plains centaur.
 You miss the rabid rat.
 Godzilla II misses the imp.
 Godzilla II bites the imp.
 You kill the rabid rat!
 Godzilla II bites the imp.
 The imp hits Godzilla II.
 You miss the imp.
 You miss the imp.
 You hit the imp.
 You kill the imp!
 The door resists!
 The door opens.
 KABOOM!!  The door was booby-trapped!
 You die...
 Do you want your possessions identified? [ynq] (y) y
 Do you want to see your attributes? [ynq] (y) y
 Do you want an account of creatures vanquished? [ynaq] (y) y
 Do you want to see your conduct and achievements? [ynq] (y) y
 Do you want to see the dungeon overview? [ynq] (y) y

Inventory:
 Coins    ('$')
  $ - 11 gold pieces
 Weapons  (')')
  A - a +0 arrow
  t - 8 +2 darts (at the ready)
  a - a blessed +1 long sword (weapon in right hand)
 Armor    ('[')
  f - a blessed +2 helmet (being worn)
  c - an uncursed burnt +0 pair of speed boots (being worn)
  k - an uncursed +0 cloak of displacement (being worn)
  g - an uncursed +0 elven mithril-coat (being worn)
 Comestibles  ('%')
  B - an uncursed giant ant egg
 Potions  ('!')
  i - an uncursed potion of extra healing
 Wands    ('/')
  R - a wand of cancellation (0:6)
  V - a wand of fire (0:3)
  u - a wand of striking (0:4)
  I - a wand of striking (0:3)
 Tools    ('(')
  b - an uncursed bag of holding containing 40 items
  K - an empty uncursed sack
  n - an uncursed credit card
  m - an expensive camera (0:38)
  w - an uncursed magic whistle
 Gems/Stones  ('*')
  s - an uncursed flint stone
  Y - an uncursed touchstone

Contents of the bag of holding:
  93 gold pieces
  13 +0 crossbow bolts
  a +0 crossbow
  5 cursed -2 darts
  a +0 dagger
  a +1 scimitar
  an uncursed +0 Hawaiian shirt with a parrot motif
  an uncursed apple
  3 uncursed food rations
  3 uncursed lembas wafers
  an uncursed tripe ration
  an uncursed tin of sewer rat meat
  2 uncursed eggs
  an uncursed scroll of blank paper
  2 uncursed scrolls of confuse monster
  a cursed scroll of confuse monster
  a blessed scroll of enchant armor
  2 uncursed scrolls of enchant armor
  a cursed scroll of enchant weapon
  a blessed scroll of gold detection
  an uncursed scroll of gold detection
  3 uncursed scrolls of identify
  an uncursed scroll of light
  2 blessed scrolls of magic mapping
  4 uncursed scrolls of magic mapping
  2 uncursed scrolls of remove curse
  an uncursed scroll of scare monster
  an uncursed scroll of teleportation
  an uncursed spellbook of confuse monster
  an uncursed spellbook of light
  an uncursed spellbook of magic mapping
  an uncursed potion of healing
  2 cursed potions of healing
  an uncursed potion of object detection
  2 uncursed potions of speed
  a cursed potion of speed
  an uncursed ring of conflict
  a cursed blindfold
  an uncursed obsidian stone
  an uncursed worthless piece of yellowish brown glass

Jobair the Tourist's attributes:

Background:
 You were an Excursionist, a level 6 female human Tourist.
 You were neutral, on a mission for The Lady
 who was opposed by Blind Io (lawful) and Offler (chaotic).
 You were right-handed.
 You were in the Dungeons of Doom, on level 7.
 You entered the dungeon 3760 turns ago.
 It was nighttime.
 You had 523 experience points, 117 more were needed to attain level 7.

Basics:
 You had 0 out of 32 hit points.
 You had all 30 energy points (spell power).
 Your armor class was 1.
 Your wallet contained 11 zorkmids, and
 you had 93 more stashed away in your pack.
 Autopickup was off.

Final Characteristics:
 Your strength was 14 (limit:18/100).
 Your dexterity was 13 (limit:18).
 Your constitution was 15 (limit:18).
 Your intelligence was 11 (limit:18).
 Your wisdom was 10 (limit:18).
 Your charisma was 16 (limit:18).

Final Status:
 You weren't hungry.
 You were unencumbered.
 You were wielding a long sword.
 You had basic skill with long sword.

Final Attributes:
 You were piously aligned.
 You were telepathic.
 You were displaced.
 You were guarded.
 You were very fast.
 You were unlucky.
 You are dead.

Miscellaneous:
 You didn't encounter any bones levels.
 Total elapsed playing time was 38 minutes and 41 seconds.

Major events:
 Turn
    1: Jobair the neutral female human Tourist entered the dungeon
 1410: attained the rank of Sightseer (level 3)
 3313: attained the rank of Excursionist (level 6)
 3760: killed by an explosion

You didn't know any spells.

Skills:
 Fighting Skills
   bare handed combat [Unskilled]
   two weapon combat  [Unskilled]
   riding             [Unskilled]
 Weapon Skills
   dagger             [Unskilled]
   knife              [Unskilled]
   axe                [Unskilled]
   pick-axe           [Unskilled]
   short sword        [Unskilled]
   broadsword         [Unskilled]
   long sword         [Basic]
   two-handed sword   [Unskilled]
   saber              [Unskilled]
   mace               [Unskilled]
   morning star       [Unskilled]
   flail              [Unskilled]
   hammer             [Unskilled]
   quarterstaff       [Unskilled]
   polearms           [Unskilled]
   spear              [Unskilled]
   trident            [Unskilled]
   lance              [Unskilled]
   bow                [Unskilled]
   sling              [Unskilled]
   crossbow           [Unskilled]
   dart               [Basic]
   shuriken           [Unskilled]
   boomerang          [Unskilled]
   whip               [Unskilled]
   unicorn horn       [Unskilled]
 Spellcasting Skills
   divination spells  [Unskilled]
   enchantment spells [Unskilled]
   escape spells      [Unskilled]

Voluntary challenges:
 Character rerolling was not enabled.
 You never genocided any monsters.
 You never polymorphed an object.
 You never changed form.
 You used no wishes.
Achievements:
 You entered a shop.
 You attained the rank of Sightseer.
 You attained the rank of Excursionist.

 The Dungeons of Doom: levels 1 to 7
    Level 1:
       Some fountains.
    Level 2:
       A tool shop.
    Level 3:
    Level 4:
       A bookstore, a fountain.
    Level 5:
       An armor shop, a fountain.
    Level 6:
       An altar, some fountains.
    Level 7: <- You were here.
       A sink.
       Final resting place for
          you, killed by an explosion.


Vanquished creatures:
  a plains centaur
 an imp
  3 rock piercers
  a rock mole
  a yellow light
  a shrieker
 an elf zombie
  a straw golem
  3 giant ants
  a little dog
  4 floating eyes
  2 homunculi
  a kobold shaman
  3 hill orcs
  a rabid rat
  a giant bat
  2 dwarf zombies
  2 iguanas
  2 gas spores
  a hobbit
  9 manes
  2 large kobolds
  a cave spider
  a brown mold
  2 yellow molds
  2 red molds
  3 garter snakes
  a gnome zombie
  a gecko
  4 jackals
  a fox
  a kobold
  a goblin
  9 grid bugs
  a bat
  4 lichens
  2 kobold zombies
  5 newts
83 creatures vanquished.

No species were genocided or became extinct.

Game over:
                       ----------
                      /          \
                     /    REST    \
                    /      IN      \
                   /     PEACE      \
                  /                  \
                  |      Jobair      |
                  |      104 Au      |
                  |   killed by an   |
                  |    explosion     |
                  |                  |
                  |                  |
                  |       2026       |
                 *|     *  *  *      | *
        _________)/\\_//(\/(/\)/\//\/|_)_______

Aloha Jobair the Tourist...

You died in The Dungeons of Doom on dungeon level 7 with 2402 points,
and 104 pieces of gold, after 3760 moves.
You were level 6 with a maximum of 32 hit points when you died.

